 Dungeon Crawl Stone Soup version 0.21.1-1-g345015fe64 (webtiles) character file.

76 PikkenKukken the Skirmisher (level 4, 0/37 HPs)
             Began as a Demonspawn Abyssal Knight on June 23, 2018.
             Was a Follower of Lugonu.
             Succumbed to an adder's poison
             ... on level 2 of the Dungeon.
             The game lasted 00:04:09 (1374 turns).

PikkenKukken the Skirmisher (DsAK)                  Turns: 1374, Time: 00:04:10

Health: 0/37       AC:  8    Str: 14    XL:     4   Next: 12%
Magic:  6/6        EV:  6    Int: 16    God:    Lugonu [*.....]
Gold:   144        SH:  0    Dex: 12    Spells: 3/3 levels left

rFire    . . .     SeeInvis .   a - +1 spear
rCold    . . .     Gourm    .   (no shield)
rNeg     . . .     Faith    .   f - +0 chain mail
rPois    .         Spirit   .   (helmet restricted)
rElec    .         Reflect  .   (no cloak)
rCorr    .         Harm     .   (no gloves)
MR       .....                  j - -1 pair of boots
Stlth    ..........             (no amulet)
HPRegen  0.12/turn              (no ring)
MPRegen  0.10/turn              l - +3 ring of intelligence

@: lethally poisoned (0 -> -8)
A: antennae 1, hooves 1
a: Depart the Abyss, Renounce Religion


You were on level 2 of the Dungeon.
You worshipped Lugonu.
Lugonu was aware of your devotion.
You were not hungry.

You visited 1 branch of the dungeon, and saw 2 of its levels.
You visited the Abyss 1 time.

You collected 144 gold pieces.

Inventory:

Hand Weapons
 a - a +1 spear (weapon)
Missiles
 b - 47 bolts
Armour
 f - a +0 chain mail (worn)
 j - a -1 pair of boots (worn)
Jewellery
 l - a +3 ring of intelligence (right hand)
Wands
 i - a wand of acid (8)
Scrolls
 d - 2 scrolls of identify
 h - a scroll of teleportation
Potions
 e - 3 potions of curing
Comestibles
 c - 7 rations


   Skills:
 + Level 3.8 Fighting
 + Level 2.5 Polearms
 + Level 2.2 Armour
 + Level 1.3 Dodging
 + Level 2.9 Invocations


You had 3 spell levels left.
You didn't know any spells.

Dungeon Overview and Level Annotations

Branches:
Dungeon (2/15)

Altars:

Annotations:
D:2 Natasha


Innate Abilities, Weirdness & Mutations

You have a pair of small antennae on your head.
You have large cloven feet.


Message History

You closely miss the adder.
The adder is severely wounded.
The adder bites you.
* * * LOW HITPOINT WARNING * * *
The hobgoblin hits you with a club.
* * * LOW HITPOINT WARNING * * *
You miss the adder.
The adder is severely wounded.
The adder bites you but does no damage.
The hobgoblin hits you but does no damage.
The adder bites you.
* * * LOW HITPOINT WARNING * * *
You are more poisoned.
The adder poisons you!
You hit the adder.
You kill the adder!
Lugonu accepts your kill.
You have reached level 4!
You feel stronger.
You die...

### #.. #.# #.# #.#
#######.##########.#
#............g......
#.##.....###@#####..
#.##.###.# #)†......
#.##.# #.###.######.
#.##.###.....#
#.##.....###.. #
#.#######.#.## . #.#
# # # #.#


You could see a hobgoblin.

Vanquished Creatures
  Natasha (D:2)
  2 adders (D:2)
  A worm (D:2)
  2 leopard geckos
  4 bats
  A giant cockroach (D:2)
  3 goblins
  4 hobgoblins
  A frilled lizard (D:1)
  7 kobolds
  5 rats
31 creatures vanquished.

Notes
Turn   | Place    | Note
-------+----------+-------------------------------------------
     0 | Abyss:1  | PikkenKukken the Demonspawn Abyssal Knight began the quest for the Orb.
     0 | Abyss:1  | Reached XP level 1. HP: 18/18 MP: 2/2
    28 | Abyss:1  | Noticed a wretched star
    28 | Abyss:1  | Noticed a large abomination
    29 | D:1      | Escaped the Abyss
   150 | D:1      | Reached skill level 1 in Dodging
   152 | D:1      | Reached * piety under Lugonu
   206 | D:1      | Gained mutation: You have a pair of small antennae on your head. [demonic ancestry]
   206 | D:1      | Reached XP level 2. HP: 19/24 MP: 4/4
   838 | D:2      | Gained mutation: You have large cloven feet. [demonic ancestry]
   838 | D:2      | Reached XP level 3. HP: 18/30 MP: 5/5
  1024 | D:2      | Noticed Natasha
  1039 | D:2      | Killed Natasha
  1051 | D:2      | Noticed Natasha
  1373 | D:2      | HP: 1/30 [adder (3)]
  1374 | D:2      | Reached XP level 4. HP: 1/37 MP: 6/6
  1374 | D:2      | Succumbed to an adder's poison

Skill      XL: |  1  2  3 |
---------------+----------+-----
Dodging        | 1 |  1.3
Polearms       | 2 |  2.5
Armour         | 2 |  2.2
Fighting       | |  3.8
Invocations    | |  2.9

Action                   |  1- 3 |  4- 6 || total
-------------------------+-------+-------++-------
Melee: Spear             |   135 |       ||   135
Invok: Depart the Abyss  |     1 |       ||     1
  Use: Scroll            |     6 |       ||     6
       Potion            |     1 |       ||     1
  Eat: Chunk             |     2 |       ||     2
Armor: Ring mail         |     5 |       ||     5
       Chain mail        |    70 |       ||    70
Dodge: Dodged            |    64 |       ||    64
